 Dungeon Crawl Stone Soup version 0.30.1-9-gdf580d7c3d (webtiles) character file.

Game seed: 10106695366482684444

67 booth the Chopper (level 3, -1/29 HPs)
             Began as a Demonspawn Monk on Oct 17, 2023.
             Succumbed to a gnoll's poison
             ... on level 2 of the Dungeon.
             The game lasted 00:07:32 (1467 turns).

booth the Chopper (Demonspawn Monk)                 Turns: 1467, Time: 00:07:32

Health: -1/29      AC:  8    Str: 13    XL:     3   Next: 98%
Magic:  3/3        EV: 12    Int: 11    God:
Gold:   64         SH:  0    Dex: 15    Spells: 2/2 levels left

rFire   . . .        a - +0 hand axe
rCold   . . .        d - orb {light}
rNeg    . . .        l - +0 leather armour
rPois   .            (no helmet)
rElec   .            i - +0 cloak
rCorr   .            (no gloves)
SInv    .            (no boots)
Will    .....        (no amulet)
Stlth   +            h - +4 ring of protection
HPRegen 0.24/turn    (no ring)
MPRegen 0.16/turn

%: no passive effects
@: lethally poisoned (-1 -> -29), glowing
A: magic regeneration
a: no special abilities


You were on level 2 of the Dungeon.
You visited 1 branch of the dungeon, and saw 2 of its levels.

You collected 64 gold pieces.

Inventory:

Hand Weapons
 a - a +0 hand axe (weapon)
Missiles
 f - 2 poisoned darts (quivered)
Armour
 d - an orb of light (worn)
 e - a +0 ring mail
 i - a +0 cloak (worn)
 l - a +0 leather armour (worn)
Jewellery
 g - a ring of protection from cold
 h - a +4 ring of protection (left hand)
Scrolls
 b - 2 scrolls of poison {unknown}
Potions
 c - a potion of ambrosia
 k - a potion of mutation


   Skills:
 + Level 3.5 Fighting
 * Level 3.6 Axes
 + Level 3.2 Dodging


You had 2 spell levels left.
You didn't know any spells.
Your spell library contained the following spells:

 Spells                   Type           Power      Damage    Failure   Level
 Necrotise                Necr           0%         1d4       41%         1
 Vampiric Draining        Necr           0%         2d6       80%         3
 Agony                    Necr           0%         N/A       100%        5


Dungeon Overview and Level Annotations

Branches:
Dungeon (2/15)

Altars:

Annotations:
D:2 1 runed translucent door, Crazy Yiuf


Innate Abilities, Weirdness & Mutations

You regenerate magic rapidly.


Message History

The gnoll closely misses you.
You slash the gnoll!
You kill the gnoll!
You see here a +0 club.
The gnoll barely misses you.
You hit the gnoll.
The gnoll is moderately wounded.
The gnoll hits you but does no damage.
You are poisoned.
You hit the gnoll.
The gnoll is heavily wounded.
You feel sick.
The gnoll hits you with a +2 whip of venom.
You are more poisoned.
You hit the gnoll.
The gnoll is severely wounded.
You feel very sick. The gnoll completely misses you.
You hit the gnoll but do no damage.
The gnoll is severely wounded.
You feel sick. The gnoll misses you.
You hit the gnoll but do no damage.
The gnoll is severely wounded.
You feel sick. The gnoll barely misses you.
The gnoll hits you but does no damage.
You are more poisoned.
You hit the gnoll.
The gnoll is almost dead.
You feel very sick.
The gnoll hits you with a +2 whip of venom.
You are lethally poisoned!
You hit the gnoll but do no damage.
The gnoll is almost dead.
* * * LOW HITPOINT WARNING * * *
You feel very sick. The gnoll hits you but does no damage.
You are more poisoned.
You barely miss the gnoll.
The gnoll is almost dead.
You die...

########.###.#.#g#
#.....#.#.#
######..#.# #....#
#..### #....#
#.##.# #.##g#
#.##@# #.##.#
#....# ######


You could see a gnoll.

Vanquished Creatures
  2 gnolls (D:2)
  An adder (D:2)
  A worm (D:2)
  3 dart slugs
  3 bats (D:1)
  2 giant cockroaches (D:1)
  4 hobgoblins
  2 jackals (D:2)
  A quokka (D:2)
  5 ball pythons
  2 frilled lizards (D:1)
  2 goblins (D:1)
  2 kobolds (D:1)
  2 rats (D:2)
32 creatures vanquished.

Notes
Turn   | Place    | Note
-------+----------+-------------------------------------------
     0 | D:1      | booth the Demonspawn Monk began the quest for the Orb.
     0 | D:1      | Reached XP level 1. HP: 18/18 MP: 1/1
   241 | D:1      | Gained mutation: You regenerate magic rapidly. [demonic
                  | ancestry]
   241 | D:1      | Reached XP level 2. HP: 24/24 MP: 2/2
   880 | D:2      | Reached XP level 3. HP: 11/29 MP: 3/3
  1039 | D:2      | Found a runed translucent door.
  1040 | D:2      | Noticed Crazy Yiuf
  1467 | D:2      | Succumbed to a gnoll's poison

Illustrated notes

Levels and vault maps discovered:
D:1:      onia_arrival_mini_spirals, layout_loops_ring, moated_statue,
          chequers_serial_rivers_small_3
D:2:      layout_basic, nicolae_grassy_gnolls, uniq_crazy_yiuf_cottage

Skill      XL: |  1  2 |
---------------+-------+-----
Axes           | 3 |  3.6
Dodging        | 3 |  3.2
Fighting       | |  3.5

Action                     || total
---------------------------++-------
  Melee: Hand axe          ||   127
  Throw: Dart              ||     2
    Use: Scroll            ||     4
 Armour: Robe              ||     3
         Leather armour    ||    25
  Dodge: Dodged            ||    74
